Map: [ESL] Alcyone

Players

Classic - Winner!

  • Race: Protoss Protoss
  • Spawn Location: 1:00

Clem

  • Race: Terran Terran
  • Spawn Location: 7:00

Event: ESL SC2 Masters 2023 Winter (Finals)

VOD

Have the link to the VOD?

Description

Time

  • Played on: Dec. 15, 2023, 9:41 a.m.
  • Length: 21:02

All games in this series

Show
View Real Time Build Order
Export as new Build Order

Classic Protoss - Winner!

Build Orders: 1 Gate Expand, Phoenix Opening, Carriers, Colossus Rush 

Get SALT Encoding   

  12  0:00  Probe  
  13  0:12  Probe  
  14  0:17  Pylon  
  14  0:24  Probe  
  15  0:35  Gateway  
  15  0:36  Probe (Chrono Boost)  
  16  0:46  Probe (Chrono Boost)  
  16  0:47  Assimilator  
  17  0:51  Probe (Chrono Boost)  
  18  1:03  Probe  
  19  1:15  Probe  
  20  1:21  Cybernetics Core  
  20  1:32  Nexus  
  20  1:38  Pylon  
  20  1:41  Probe  
  20  1:46  Assimilator  
  21  1:53  Probe  
  22  1:55  Adept (Chrono Boost)  
  24  2:05  Probe  
  25  2:17  Adept, Probe  
  25  2:22  Stargate  
  28  2:29  Probe  
  29  2:33  Warp Gate  
  29  2:43  Probe  
  29  2:44  Probe  
  31  2:47  Stalker  
  33  2:55  Probe (Chrono Boost)  
  33  2:56  Probe (Chrono Boost)  
  35  3:05  Probe (Chrono Boost)  
  36  3:06  Probe (Chrono Boost)  
  36  3:10  Probe (Chrono Boost)  
  36  3:11  Pylon  
  41  3:14  Probe (Chrono Boost)  
  41  3:15  Phoenix  
  41  3:26  Probe (Chrono Boost)  
  43  3:27  Robotics Facility, Probe (Chrono Boost)  
  43  3:32  Probe (Chrono Boost)  
  45  3:34  Gateway  
  45  3:35  Probe (Chrono Boost)  
  45  3:40  Probe, Phoenix  
  48  3:45  Assimilator  
  48  3:47  Assimilator  
  48  3:52  Probe, Pylon  
  48  3:54  Probe  
  50  4:04  Probe  
  50  4:07  Probe  
  52  4:11  Immortal (Chrono Boost)  
  52  4:16  Probe  
  57  4:18  Robotics Bay  
  57  4:19  Probe  
  57  4:22  Pylon  
  58  4:27  Stalker  
  58  4:29  Stalker  
  62  4:43  Nexus, Observer  
  63  4:46  Shield Battery  
  63  4:50  Pylon  
  63  4:53  Sentry  
  63  4:54  Sentry  
  63  4:55  Probe  
  63  4:59  Shield Battery  
  68  5:04  Probe  
  69  5:07  Colossus (Chrono Boost), Probe  
  76  5:15  Pylon  
  76  5:17  Probe  
  76  5:19  Probe  
  78  5:23  Extended Thermal Lance  
  78  5:32  Pylon  
  78  5:33  Probe x2  
  80  5:45  Probe x2  
  80  5:46  Colossus (Chrono Boost), Pylon  
  82  5:52  Phoenix  
  82  5:55  Probe  
  89  5:57  Probe x2  
  89  6:00  Pylon  
  89  6:04  Twilight Council  
  93  6:06  Forge  
  93  6:09  Probe x2  
  95  6:12  Probe  
  96  6:20  Phoenix  
  96  6:21  Probe x2  
  96  6:24  Probe  
  96  6:25  Assimilator  
  101  6:26  Assimilator  
  101  6:27  Gateway  
  101  6:30  Gateway  
  101  6:33  Pylon  
  101  6:34  Colossus (Chrono Boost)  
  107  6:41  Probe  
  107  6:42  Probe x2  
  107  6:45  Phoenix  
  110  6:50  Zealot  
  110  6:51  Zealot  
  110  7:02  Probe x3  
  111  7:14  Protoss Ground Weapons Level 1, Phoenix  
  116  7:16  Gateway  
  116  7:17  Gateway, Blink  
  113  7:23  Pylon  
  113  7:24  Observer  
  114  7:30  Nexus, Pylon  
  114  7:31  Pylon  
  114  7:36  Photon Cannon  
  114  7:42  Stalker x3  
  120  7:45  Pylon  
  118  7:59  Protoss Air Weapons Level 1  
  118  8:00  Pylon  
  118  8:02  Probe  
  118  8:03  Probe x2  
  118  8:05  Stargate  
  121  8:07  Fleet Beacon  
  121  8:13  Pylon  
  121  8:14  Disruptor (Chrono Boost)  
  121  8:19  Probe x3  
  128  8:22  Shield Battery  
  128  8:23  Photon Cannon  
  128  8:31  Probe x3  
  131  8:39  Shield Battery  
  131  8:42  Probe  
  131  8:43  Probe x3  
  131  8:44  Assimilator  
  131  8:46  Disruptor (Chrono Boost)  
  137  8:48  Carrier (Chrono Boost)  
  137  8:49  Assimilator  
  137  8:50  Carrier (Chrono Boost)  
  137  8:54  Probe  
  137  8:55  Probe x3  
  159  9:14  Mothership (Chrono Boost), Gateway  
  159  9:15  Gateway, Adept  
  161  9:19  Protoss Ground Weapons Level 2 (Chrono Boost)  
  161  9:29  Cybernetics Core, Photon Cannon  
  161  9:30  Photon Cannon  
  161  9:33  Shield Battery  
  159  9:44  Carrier (Chrono Boost)  
  171  9:51  Stalker x4  
  179  9:56  Carrier (Chrono Boost)  
  179  10:00  Pylon  
  179  10:02  Pylon  
  179  10:03  Pylon  
  179  10:09  Nexus  
  178  10:15  Pylon  
  178  10:24  Pylon  
  178  10:25  Pylon  
  177  10:34  Pylon  
  177  10:36  Carrier (Chrono Boost)  
  183  10:45  Stalker x4  
  183  10:46  Stalker x2  
  183  11:04  Carrier (Chrono Boost)  
  183  11:09  Stargate  
  189  11:12  Stalker x3  
  189  11:13  Stalker x2  
  189  11:17  Templar Archives  
  195  11:29  Nexus  
  195  11:30  Protoss Air Weapons Level 2 (Chrono Boost)  
  191  11:33  Protoss Air Armor Level 1 (Chrono Boost)  
  191  11:36  Warp Prism (Chrono Boost)  
  189  11:44  Stalker x4  
  189  11:45  Stalker  
  187  12:05  Psionic Storm  
  181  12:08  Carrier  
  181  12:09  Carrier  
  181  12:14  Protoss Ground Weapons Level 3 (Chrono Boost)  
  191  12:20  Mothership  
  191  12:21  Assimilator x2  
  191  12:23  Warp Prism (Chrono Boost)  
  191  12:27  Assimilator  
  193  12:30  Robotics Facility  
  193  12:35  High Templar x2  
  193  12:36  Charge  
  197  12:45  Gateway  
  197  12:46  High Templar  
  197  12:47  Gateway  
  197  12:51  Gateway, Pylon  
  199  12:55  Gravitic Drive, Gateway  
  199  13:00  High Templar  
  198  13:08  Pylon  
  198  13:13  Photon Cannon  
  198  13:15  Shield Battery  
  198  13:29  Observer (Chrono Boost)  
  189  13:41  Protoss Air Armor Level 2 (Chrono Boost)  
  179  13:50  Stalker x10  
  199  13:58  Nexus  
  199  14:00  Pylon  
  179  14:18  Stalker x2  
  179  14:19  Stalker x8  
  199  14:30  Observer  
  200  14:50  Photon Cannon  
  200  14:51  Protoss Shields Level 1 (Chrono Boost)  
  200  14:52  Photon Cannon  
  200  14:54  Photon Cannon  
  200  14:55  Shield Battery  
  200  14:56  Protoss Air Weapons Level 3 (Chrono Boost)  
  190  15:25  Stalker x7  
  194  15:36  Warp Prism  
  176  15:52  Carrier  
  176  16:00  Carrier  
  176  16:01  Carrier  
  168  16:20  Colossus x2 (Chrono Boost)  
  176  16:27  Zealot x12  
  184  16:46  Carrier (Chrono Boost)  
  164  16:56  Carrier (Chrono Boost), High Templar x3  
  174  17:04  Sentry, Zealot x8  
  174  17:05  Observer x2 (Chrono Boost)  
  174  17:07  Stargate  
  200  17:12  Photon Cannon  
  200  17:24  Gravitic Boosters, Protoss Shields Level 2  
  200  17:32  Protoss Air Armor Level 3 (Chrono Boost)  
  200  17:43  Nexus  
  200  17:47  Pylon  
  196  17:52  Stalker x2  
  196  17:56  Phoenix (Chrono Boost)  
  186  18:17  Mothership (Chrono Boost)  
  190  18:22  Carrier x2 (Chrono Boost)  
  200  19:08  Archon x2  
  176  19:13  Stalker x12  
  170  19:21  Observer  
  170  19:22  Warp Prism  
  170  19:23  Carrier x2 (Chrono Boost), Colossus  
  170  19:24  Carrier (Chrono Boost)  
  194  19:33  Carrier (Chrono Boost)  
  188  19:39  High Templar x3  
  188  19:40  High Templar  
  188  19:41  High Templar x2  
  200  20:06  Observer  
  194  20:24  Archon  
  194  20:25  Archon  
  194  20:26  Stalker x10  
  198  20:54  Zealot x5  
  198  20:55  Zealot x2  
Show
View Real Time Build Order
Export as new Build Order

Clem Terran 

Build Orders: Cyclone Opening, Reaper Expand 

Get SALT Encoding   

  12  0:00  SCV  
  13  0:12  SCV  
  14  0:16  Supply Depot  
  14  0:24  SCV  
  15  0:38  SCV  
  15  0:40  Barracks  
  16  0:44  Refinery  
  16  0:50  SCV  
  17  1:02  SCV  
  18  1:14  SCV  
  19  1:26  Orbital Command, Reaper  
  20  1:37  Command Center  
  20  1:45  Supply Depot  
  20  1:52  SCV  
  21  1:58  Marine  
  22  2:05  SCV  
  23  2:10  Factory  
  23  2:12  Bunker  
  23  2:17  SCV  
  23  2:20  Barracks Reactor  
  23  2:22  Refinery  
  24  2:29  SCV  
  25  2:41  SCV  
  26  2:51  Orbital Command  
  26  2:53  SCV  
  26  2:54  Cyclone  
  29  2:59  Marine  
  30  3:06  SCV  
  30  3:07  Starport  
  31  3:13  Marine  
  31  3:17  Marine  
  31  3:18  SCV  
  31  3:19  SCV  
  35  3:23  Supply Depot  
  35  3:28  Cyclone  
  35  3:30  SCV  
  35  3:31  SCV, Marine  
  40  3:39  Marine  
  41  3:42  SCV  
  41  3:43  SCV, Medivac  
  41  3:47  Barracks  
  45  3:49  Marine  
  45  3:52  Supply Depot  
  45  3:54  SCV  
  47  3:55  SCV  
  47  3:56  Marine  
  48  4:06  Marine, SCV  
  48  4:07  Factory Tech Lab, SCV  
  51  4:14  Marine  
  51  4:15  Barracks  
  52  4:17  Supply Depot  
  52  4:18  SCV  
  52  4:22  SCV  
  54  4:24  Marine  
  54  4:30  SCV  
  54  4:31  Engineering Bay  
  56  4:32  Marine, Refinery  
  56  4:34  Factory Reactor, SCV  
  58  4:40  Stimpack, Supply Depot  
  58  4:41  Marauder  
  58  4:42  Marine  
  58  4:44  SCV  
  62  4:46  SCV  
  62  4:50  Supply Depot  
  62  4:52  Starport Tech Lab  
  63  4:56  SCV  
  63  4:57  Terran Infantry Weapons Level 1  
  63  4:58  SCV, Refinery  
  65  5:04  Marauder  
  67  5:08  SCV  
  67  5:12  Widow Mine x2  
  67  5:13  Combat Shield  
  72  5:16  Starport Reactor, Missile Turret  
  72  5:18  Missile Turret, SCV  
  73  5:22  Supply Depot, Marine  
  73  5:23  Marine  
  73  5:24  SCV  
  76  5:30  Marauder, SCV  
  76  5:34  Marauder  
  81  5:37  Widow Mine  
  81  5:38  Widow Mine  
  81  5:41  Marine  
  86  5:44  Marine  
  86  5:45  Supply Depot  
  87  5:52  Medivac x2  
  87  5:53  Marauder  
  93  6:00  Supply Depot  
  93  6:03  Marine  
  94  6:04  Command Center  
  94  6:06  Widow Mine, Marine  
  94  6:07  Widow Mine  
  99  6:15  Supply Depot, Marauder  
  101  6:18  SCV  
  101  6:20  Concussive Shells  
  101  6:22  SCV  
  103  6:27  Barracks, Supply Depot  
  103  6:28  Barracks  
  103  6:30  Marine x2  
  103  6:32  SCV  
  106  6:34  SCV  
  107  6:41  Marauder x2  
  107  6:44  SCV  
  107  6:46  SCV  
  112  6:48  Supply Depot  
  112  6:49  Viking  
  112  6:51  Viking  
  114  7:00  Marine  
  101  7:02  Marauder  
  101  7:03  SCV, Marauder  
  101  7:06  SCV  
  104  7:09  Widow Mine x2  
  104  7:12  Terran Infantry Armor Level 1  
  104  7:15  Marine, SCV  
  109  7:17  Barracks Reactor, Barracks Tech Lab  
  109  7:19  SCV  
  109  7:21  Viking  
  113  7:22  Marine  
  113  7:23  Marauder  
  113  7:24  Viking  
  113  7:28  Marauder  
  113  7:29  SCV  
  121  7:31  Orbital Command  
  121  7:34  SCV  
  122  7:37  Marine  
  122  7:39  Widow Mine x2  
  122  7:41  Supply Depot, SCV  
  128  7:46  SCV  
  128  7:47  Marauder x2  
  133  7:51  Viking  
  133  7:54  Viking  
  133  7:55  SCV, Marine x2  
  133  7:56  Marine  
  139  8:02  SCV x2, Refinery  
  139  8:03  Supply Depot  
  139  8:05  Marine  
  139  8:08  SCV  
  139  8:09  Ghost Academy  
  141  8:14  Marauder x2, SCV  
  141  8:15  Marine x2  
  141  8:16  Marine  
  141  8:17  Refinery  
  149  8:21  Viking  
  149  8:24  Viking, SCV x2  
  149  8:26  SCV  
  156  8:34  Armory, Engineering Bay  
  156  8:36  SCV x2  
  156  8:37  Supply Depot  
  156  8:38  SCV  
  159  8:41  Ghost x2  
  159  8:46  Ghost  
  165  8:49  Missile Turret  
  165  8:54  SCV  
  166  9:05  Supply Depot  
  166  9:06  Viking  
  166  9:07  Command Center  
  166  9:10  Ghost x2, Supply Depot  
  166  9:13  Viking  
  172  9:22  Missile Turret  
  172  9:26  Ghost  
  172  9:28  Sensor Tower  
  172  9:29  Terran Infantry Weapons Level 2  
  174  9:32  Terran Infantry Armor Level 2  
  174  9:34  Supply Depot  
  174  9:35  Barracks, SCV  
  174  9:36  Barracks x2, SCV  
  176  9:40  Viking  
  176  9:45  Supply Depot  
  178  9:46  Starport  
  178  9:51  Viking, Supply Depot  
  179  10:01  Marauder x2  
  179  10:03  Marine x2, Refinery  
  185  10:10  Viking  
  185  10:11  Refinery  
  181  10:21  Medivac  
  183  10:22  Starport  
  183  10:24  Viking, Armory  
  183  10:27  Viking  
  187  10:30  Command Center  
  187  10:34  Barracks Reactor, Barracks Tech Lab  
  187  10:35  Barracks Tech Lab  
  187  10:39  SCV x2  
  187  10:40  Viking  
  187  10:42  SCV  
  192  10:45  Barracks Reactor  
  192  10:51  Viking  
  192  10:54  Viking  
  192  10:55  Ghost  
  194  10:57  Viking  
  193  11:07  Terran Ship Weapons Level 1  
  193  11:10  Orbital Command  
  191  11:13  Viking  
  191  11:16  Terran Vehicle And Ship Armor Level 1  
  191  11:18  Marine x2, Marauder  
  190  11:19  SCV, Marauder x2  
  190  11:22  Viking  
  194  11:29  Viking  
  194  11:31  Viking x2  
  200  11:35  Command Center  
  200  11:37  Missile Turret  
  198  11:40  Viking  
  200  11:48  Command Center  
  200  11:52  Viking x2  
  191  11:55  Ghost  
  191  11:57  Unknown  
  191  11:59  Viking  
  191  12:00  Ghost  
  186  12:05  Marine  
  186  12:07  Ghost  
  180  12:10  Marine  
  180  12:11  Viking  
  180  12:12  Marine x2  
  180  12:13  Marine x2  
  180  12:14  Marine  
  177  12:15  Viking  
  177  12:19  Orbital Command  
  177  12:22  Ghost  
  181  12:25  Marine  
  181  12:27  Ghost  
  184  12:30  Marine x2  
  184  12:31  Marine  
  184  12:34  Viking  
  184  12:35  Marine  
  184  12:36  Marauder  
  192  12:42  Terran Infantry Weapons Level 3  
  192  12:47  Marine  
  193  12:51  Orbital Command  
  193  12:53  Ghost  
  195  12:58  Missile Turret  
  195  13:00  Terran Infantry Armor Level 3  
  195  13:07  Command Center  
  195  13:13  Terran Ship Weapons Level 2, Terran Vehicle And Ship Armor Level 2  
  195  13:17  Viking  
  195  13:18  Marauder  
  199  13:21  Orbital Command  
  199  13:22  Orbital Command  
  199  13:29  Command Center  
  199  13:39  Starport  
  199  13:40  Command Center, Missile Turret  
  194  13:44  Viking x2  
  194  13:45  Ghost  
  194  13:48  Viking  
  179  13:51  Ghost  
  179  13:54  Personal Cloaking  
  181  13:59  Ghost  
  181  14:01  Ghost  
  185  14:04  Ghost  
  185  14:06  Viking x2  
  176  14:10  Viking  
  176  14:14  Viking  
  176  14:16  Viking  
  174  14:19  Orbital Command  
  174  14:23  Starport Reactor  
  174  14:26  Viking  
  174  14:27  Marine x4  
  174  14:28  Marine x2  
  182  14:33  Ghost  
  182  14:36  Viking x2, Ghost  
  188  14:40  Ghost  
  188  14:42  Medivac  
  192  14:46  Marauder, Refinery  
  192  14:47  Refinery  
  192  14:48  Orbital Command  
  194  14:53  Viking  
  194  14:54  Viking  
  194  14:57  Fusion Core  
  194  15:01  Ghost  
  194  15:04  Medivac  
  196  15:09  Ghost  
  194  15:14  Ghost  
  194  15:17  Ghost  
  184  15:21  Ghost  
  184  15:24  Viking  
  178  15:29  Marine x2  
  178  15:32  Ghost  
  178  15:38  Ghost  
  178  15:42  Medivac  
  172  15:43  Ghost, Marine  
  172  15:44  Marine  
  172  15:47  Marauder  
  177  15:50  Marauder  
  177  15:51  Marine  
  177  15:56  Marine x2, Medivac  
  170  15:58  Marine  
  170  16:01  Marauder, Marine  
  170  16:02  Marine  
  168  16:07  Ghost, Marauder  
  168  16:09  Marine  
  164  16:12  Marauder x2  
  164  16:13  Liberator  
  164  16:14  Marine x2  
  164  16:15  Marine  
  164  16:16  Liberator  
  177  16:22  Advanced Ballistics  
  177  16:23  Marauder  
  179  16:27  Liberator  
  179  16:29  Marauder  
  184  16:33  Marauder  
  184  16:34  Marauder  
  184  16:39  Medivac  
  181  16:40  Ghost  
  181  16:43  Ghost  
  181  16:45  Marine  
  181  16:47  Marine  
  169  16:48  Marine  
  169  16:49  Ghost  
  169  16:50  Liberator  
  174  16:55  Liberator, Marauder  
  174  16:56  Marine x2  
  174  16:58  Marauder, Marine  
  184  17:03  Marine  
  184  17:04  Liberator, Marine  
  184  17:06  Command Center  
  189  17:09  Marauder  
  191  17:19  Liberator x2, Missile Turret  
  197  17:27  Liberator  
  197  17:28  Command Center  
  200  17:30  Command Center  
  200  17:34  Caduceus Reactor  
  200  17:46  Ghost  
  200  17:58  Sensor Tower  
  200  17:59  Medivac  
  197  18:09  Liberator  
  200  18:23  Neosteel Armor, Terran Vehicle And Ship Armor Level 3, Terran Ship Weapons Level 3  
  200  18:24  Hi-Sec Auto Tracking  
  200  18:36  Sensor Tower, Missile Turret, Refinery  
  197  18:57  Liberator  
  200  19:09  Viking  
  181  19:10  Viking  
  181  19:11  Marine  
  181  19:13  Viking  
  181  19:14  Marauder  
  181  19:15  Marine  
  181  19:16  Viking x2  
  171  19:17  Viking  
  171  19:18  Viking  
  171  19:20  Ghost x2  
  171  19:23  Ghost  
  157  19:25  Marine  
  157  19:28  Planetary Fortress  
  152  19:32  Marine  
  152  19:34  Marine  
  149  19:38  Ghost  
  149  19:39  Viking  
  149  19:40  Viking, Liberator  
  149  19:43  Viking  
  160  19:55  Orbital Command x2  
  160  19:56  Viking  
  160  19:57  Viking  
  164  20:00  Viking x2  
  164  20:06  Ghost  
  170  20:09  Viking  
  170  20:10  Ghost  
  157  20:21  Viking  
  157  20:24  Ghost  
  157  20:25  Viking  
  157  20:26  Marine x4  
  157  20:27  Marine x2  
  157  20:28  Marine  
  138  20:30  Viking, Marine  
  138  20:34  Marine  
  136  20:39  Marine  
  141  20:44  Marine  
  141  20:46  Command Center  
Tags
 
Add a new tag
Caveats
  • Supply blocks, unpowered buildings, or Contaminate may cause inaccurate times.
  • Supply counts are checked every 10 seconds.